 Dungeon Crawl Stone Soup version 0.24.0-29-g8ce449bc06 (webtiles) character file.

Game seed: 52965216281140607, levelgen mode: deterministic

112 FishyPogo the Gusty (level 4, -20/32 HPs)
             Began as a Gnoll Air Elementalist on Nov 16, 2019.
             Blown up by Ijyb (31 damage)
             ... with a disintegration bolt
             ... on level 3 of the Dungeon.
             The game lasted 00:07:04 (1942 turns).

FishyPogo the Gusty (Gnoll Air Elementalist)        Turns: 1942, Time: 00:07:05

Health: -20/32     AC:  2    Str:  7    XL:     4   Next: 95%
Magic:  8/11       EV: 23    Int: 19    God:
Gold:   135        SH:  0    Dex: 20    Spells: 0/13 levels left

rFire    . . .     SeeInvis .     - Unarmed
rCold    . . .     Gourm    .   (shield currently unavailable)
rNeg     . . .     Faith    +   (armour currently unavailable)
rPois    x         Spirit   .   (helmet currently unavailable)
rElec    .         Reflect  .   (cloak currently unavailable)
rCorr    .         Harm     .   (gloves currently unavailable)
MR       .....                  (boots currently unavailable)
Stlth    +++.......             d - amulet of faith
HPRegen  0.10/turn              w - -3 ring of strength (curse)
MPRegen  0.12/turn              (no ring)

@: spider-form
A: tiny, distributed training, strong nose
a: End Transformation


You were on level 3 of the Dungeon.
You were not hungry.
You were a venomous arachnid creature.
You visited 1 branch of the dungeon, and saw 3 of its levels.

You collected 135 gold pieces.

Inventory:

Hand Weapons
 v - a +1 short sword of freezing (melded)
Missiles
 b - 154 stones (quivered)
 e - 66 poisoned darts
 q - 3 boomerangs
Armour
 a - a +0 robe (melded)
Jewellery
 d - an amulet of faith (around neck)
 w - a cursed -3 ring of strength (left front leg)
Scrolls
 f - a scroll of enchant weapon {unknown}
 g - 3 scrolls of remove curse {unknown}
 h - a scroll of teleportation {unknown}
 k - 2 scrolls of fog {unknown}
 n - 3 scrolls of noise {unknown}
 p - a scroll of magic mapping {unknown}
 r - 2 scrolls of enchant armour {unknown}
 u - a scroll of blinking {unknown}
 x - 2 scrolls of identify {unknown}
Potions
 i - 2 potions of brilliance {unknown}
 j - a potion of ambrosia {unknown}
 l - a potion of invisibility {unknown}
 m - a potion of might {unknown}
 o - a potion of curing {unknown}
 t - 2 potions of resistance {unknown}
 z - a potion of degeneration {unknown}
Comestibles
 c - 6 rations
 s - 11 chunks of flesh


   Skills:
 + Level 1.2 Fighting
 + Level 1.2 Short Blades
 + Level 1.2 Long Blades
 + Level 1.2 Axes
 + Level 1.2 Maces & Flails
 + Level 1.2 Polearms
 + Level 1.2 Staves
 + Level 1.2 Slings
 + Level 1.2 Bows
 + Level 1.2 Crossbows
 + Level 1.2 Throwing
 + Level 1.2 Armour
 + Level 4.7 Dodging
 + Level 4.3 Stealth
 + Level 1.2 Shields
 + Level 1.2 Unarmed Combat
 + Level 5.1 Spellcasting
 + Level 2.3 Conjurations
 + Level 1.0 Hexes
 + Level 1.0 Charms
 + Level 1.0 Summonings
 + Level 1.0 Necromancy
 + Level 1.0 Translocations
 + Level 1.0 Transmutations
 + Level 1.0 Fire Magic
 + Level 1.0 Ice Magic
 + Level 5.5 Air Magic
 + Level 1.0 Earth Magic
 + Level 1.0 Poison Magic
 + Level 1.4 Invocations
 + Level 1.2 Evocations


You couldn't memorise any spells.
You knew the following spells:

 Your Spells              Type           Power        Failure   Level  Hunger
a - Shock                 Conj/Air       ###.         10%         1    None
b - Static Discharge      Conj/Air       ###.....     21%         3    ##.....
c - Mephitic Cloud        Conj/Pois/Air  ###.....     26%         3    ##.....
j - Conjure Flame         Conj/Fire      ##......     38%         3    ##.....
u - Spider Form           Tmut/Pois      #.........   45%         3    ##.....

Your spell library contained the following spells:

 Spells                   Type           Power        Failure   Level  Hunger
 Magic Dart               Conj           ##..         14%         1    None
 Swiftness                Chrm/Air       ###.....     14%         2    #......
 Beastly Appendage        Tmut           #.....       21%         1    None
 Blink                    Tloc           N/A          28%         2    #......
 Call Imp                 Summ           #.......     28%         2    #......
 Slow                     Hex            #.......     28%         2    #......
 Sticks to Snakes         Tmut           #.......     28%         2    #......
 Airstrike                Air            ####......   30%         4    ####...
 Lightning Bolt           Conj/Air       ###.......   77%         5    ######.
 Ice Form                 Ice/Tmut       #.......     80%         4    ####...
 Blade Hands              Tmut           #.........   98%         5    ######.


Dungeon Overview and Level Annotations

Branches:
Dungeon (3/15)

Altars:

Annotations:
D:3 Ijyb


Innate Abilities, Weirdness & Mutations

Your experience applies equally to all skills.
((You have very sharp teeth.))
Your uncanny sense of smell can sniff out nearby items.


Message History

Things that are here:
a +0 hunting sling; a goblin skeleton You butcher the worm corpse.
s - 11 chunks of flesh (gained 3) Ijyb the Twisted Goblin comes into view.
She is wielding a +0 club and carrying a wand of disintegration (14).
Ijyb zaps a wand.
You are blasted!
Casting: Spider Form (safe; 24% risk of failure)
Confirm with . or Enter, or press ? or * to list all spells.
You turn into a venomous arachnid creature.
Your +1 short sword of freezing melds into your body.
Your +0 robe melds into your body.
Your +1 short sword of freezing stops glowing.
Ijyb zaps a wand.
You barely resist.
A goblin comes into view.
You barely miss Ijyb. Ijyb barely misses you.
You hit Ijyb but do no damage.
Ijyb is poisoned.
Ijyb zaps a wand.
You are blasted!
You hit Ijyb but do no damage.
Ijyb zaps a wand.
You are blasted!
Ouch! That really hurt!
You die...

#.....#.#######.
#####.#.#.....#
#...###.### #
#.#...#.# ##
#.###.# # .#
########.#
#.....# ..#
........)#
#..#### ...
.........# #.##
## #######s.#
#.#
#...?g.......
#.###..###.#.
#..# #.# #..#
#..# #..# #g.. ∆


You could see Ijyb and a goblin (sleeping).

Vanquished Creatures
  Robin (D:3)
  2 adders
  An ooze (D:3)
  4 worms
  3 leopard geckos
  2 giant cockroaches
  15 goblins
  13 hobgoblins
  4 kobolds
  2 quokkas
  A ball python (D:1)
  3 bats
  3 frilled lizards
  9 rats
63 creatures vanquished.

Notes
Turn   | Place    | Note
-------+----------+-------------------------------------------
     0 | D:1      | FishyPogo the Gnoll Air Elementalist began the quest for
                  | the Orb.
     0 | D:1      | Reached XP level 1. HP: 13/13 MP: 6/6
    67 | D:1      | Reached XP level 2. HP: 11/19 MP: 0/7
   566 | D:1      | Reached XP level 3. HP: 25/25 MP: 7/9
   808 | D:2      | Reached skill level 5 in Spellcasting
   826 | D:2      | Learned a level 3 spell: Static Discharge
   860 | D:2      | Learned a level 3 spell: Spider Form
  1162 | D:2      | Reached skill level 1 in Invocations
  1336 | D:2      | Reached skill level 1 in Fighting
  1336 | D:2      | Reached skill level 1 in Short Blades
  1336 | D:2      | Reached skill level 1 in Long Blades
  1336 | D:2      | Reached skill level 1 in Axes
  1336 | D:2      | Reached skill level 1 in Maces & Flails
  1336 | D:2      | Reached skill level 1 in Polearms
  1336 | D:2      | Reached skill level 1 in Staves
  1336 | D:2      | Reached skill level 1 in Slings
  1336 | D:2      | Reached skill level 1 in Bows
  1336 | D:2      | Reached skill level 1 in Crossbows
  1336 | D:2      | Reached skill level 1 in Throwing
  1336 | D:2      | Reached skill level 1 in Armour
  1336 | D:2      | Reached skill level 1 in Shields
  1336 | D:2      | Reached skill level 1 in Unarmed Combat
  1336 | D:2      | Reached skill level 1 in Evocations
  1453 | D:2      | Learned a level 3 spell: Mephitic Cloud
  1459 | D:2      | Reached XP level 4. HP: 32/32 MP: 9/11
  1465 | D:2      | Learned a level 3 spell: Conjure Flame
  1652 | D:3      | Noticed Robin
  1661 | D:3      | Killed Robin
  1786 | D:3      | Reached skill level 1 in Hexes
  1786 | D:3      | Reached skill level 1 in Charms
  1786 | D:3      | Reached skill level 1 in Summonings
  1786 | D:3      | Reached skill level 1 in Necromancy
  1786 | D:3      | Reached skill level 1 in Translocations
  1786 | D:3      | Reached skill level 1 in Transmutations
  1786 | D:3      | Reached skill level 1 in Fire Magic
  1786 | D:3      | Reached skill level 1 in Ice Magic
  1786 | D:3      | Reached skill level 1 in Earth Magic
  1786 | D:3      | Reached skill level 1 in Poison Magic
  1935 | D:3      | Noticed Ijyb
  1942 | D:3      | Blown up by Ijyb

Levels and vault maps discovered:
D:1:      dpeg_arrival_signposts, layout_basic
D:2:      layout_loops_corners, first_ration
D:3:      minmay_wonky_spiral, layout_loops_ring, grunt_decor_cap, uniq_robin,
          uniq_ijyb

Skill      XL: |  1  2  3  4 |
---------------+-------------+-----
Conjurations   | 2 |  2.3
Spellcasting   | 5 |  5.1
Invocations    | 1 |  1.4
Fighting       | 1 |  1.2
Short Blades   | 1 |  1.2
Long Blades    | 1 |  1.2
Axes           | 1 |  1.2
Maces & Flails | 1 |  1.2
Polearms       | 1 |  1.2
Staves         | 1 |  1.2
Slings         | 1 |  1.2
Bows           | 1 |  1.2
Crossbows      | 1 |  1.2
Throwing       | 1 |  1.2
Armour         | 1 |  1.2
Shields        | 1 |  1.2
Unarmed Combat | 1 |  1.2
Evocations     | 1 |  1.2
Hexes          | 1 |  1.0
Charms         | 1 |  1.0
Summonings     | 1 |  1.0
Necromancy     | 1 |  1.0
Translocations | 1 |  1.0
Transmutations | 1 |  1.0
Fire Magic     | 1 |  1.0
Ice Magic      | 1 |  1.0
Earth Magic    | 1 |  1.0
Poison Magic   | 1 |  1.0
Dodging        | |  4.7
Stealth        | |  4.3
Air Magic      | |  5.5

Action                   |  1- 3 |  4- 6 || total
-------------------------+-------+-------++-------
Melee: Unarmed           |     7 |    12 ||    19
       Dagger            |    14 |       ||    14
       Hand axe          |     7 |     2 ||     9
       Short sword       |       |     3 ||     3
 Cast: Shock             |    52 |    23 ||    75
       Spider Form       |     1 |     2 ||     3
       Mephitic Cloud    |       |     1 ||     1
 Stab: Sleeping          |     2 |       ||     2
  Eat: Chunk             |     2 |     1 ||     3
Armor: Robe              |       |     1 ||     1
Dodge: Dodged            |    16 |    13 ||    29
